 Dungeon Crawl Stone Soup version 0.26-a0-591-g04f19ec95a (webtiles) character file.

Game seed: 10751070164038061353

276 Devinter the Sneak (level 6, -2/36 HPs)
             Began as an Octopode Enchanter on Aug 24, 2020.
             Killed by divine providence
             ... invoked by an orc priest
              (9 damage)
             ... on level 4 of the Dungeon.
             The game lasted 00:17:44 (3032 turns).

Devinter the Sneak (Octopode Enchanter)             Turns: 3032, Time: 00:17:46

Health: -2/36      AC:  1    Str: 14    XL:     6   Next: 25%
Magic:  1/10       EV: 14    Int: 17    God:
Gold:   198        SH:  0    Dex: 14    Spells: 7/10 levels left

rFire    + . .     SeeInvis .   a - +1 dagger
rCold    x . .     Faith    .   (no shield)
rNeg     . . .     Spirit   .   (helmet restricted)
rPois    .         Reflect  .   g - amulet of regeneration
rElec    .         Harm     .   p - +6 ring of strength
rCorr    .                      y - ring of flight
MR       .....                  B - ring of fire
Stlth    ++++......             (no ring)
HPRegen  0.52/turn              (no ring)
MPRegen  0.12/turn              (no ring)
                                (no ring)
                                (no ring)

@: no status effects
A: almost no armour, stealthy swim, amphibious, 8 rings, constrict 8, camouflage
1, gelatinous body 1
a: Evoke Flight


You were on level 4 of the Dungeon.
You visited 1 branch of the dungeon, and saw 4 of its levels.

You collected 198 gold pieces.

Inventory:

Hand Weapons
 a - a +1 dagger (weapon)
Missiles
 h - 15 bolts
 A - 8 poisoned darts (quivered)
Armour
 k - a +0 buckler
 v - a +0 tower shield
Jewellery
 f - an uncursed amulet of the acrobat {unknown}
 g - an amulet of regeneration (around mantle)
 p - a +6 ring of strength (left tentacle)
 y - a ring of flight (right tentacle)
 B - a ring of fire (on tentacle)
Wands
 x - a wand of digging (4)
Scrolls
 d - 3 scrolls of magic mapping {unknown}
 e - 3 scrolls of remove curse {unknown}
 i - a scroll of fear {unknown}
 j - a scroll of random uselessness {unknown}
 m - 2 scrolls of fog {unknown}
 n - a scroll of noise {unknown}
 o - a scroll of enchant armour {unknown}
 r - 2 scrolls of teleportation {unknown}
 s - 4 scrolls of identify
 w - a scroll of enchant weapon {unknown}
Potions
 b - a potion of haste {unknown}
 c - 2 potions of resistance {unknown}
 l - a potion of might {unknown}
 q - a potion of mutation {unknown}
 t - a potion of curing {unknown}
 u - a potion of invisibility {unknown}
 z - a potion of stabbing {unknown}


   Skills:
 + Level 2.5 Short Blades
 + Level 3.2 Dodging
 + Level 5.4 Stealth
 + Level 2.9 Spellcasting
 + Level 3.8 Hexes
 + Level 1.9 Ice Magic


You had 7 spell levels left.
You knew the following spells:

 Your Spells              Type           Power        Failure   Level
a - Corona                Hex            ###....      3%          1
b - Ensorcelled Hibernat  Hex/Ice        ##....       9%          2

Your spell library contained the following spells:

 Spells                   Type           Power        Failure   Level
 Confusing Touch          Hex            ###.....     11%         3
 Tukima's Dance           Hex            ###.....     11%         3
 Dazzling Flash           Conj/Hex       #.....       24%         3


Dungeon Overview and Level Annotations

Branches:
Dungeon (4/15)
 Temple: D:4-7

Altars:


Innate Abilities, Weirdness & Mutations

You cannot wear most types of armour.
You are very stealthy in the water. (Stealth+)
You are amphibious.
You can wear up to eight rings at the same time.
You can use your tentacles to constrict eight enemies at once.
Your skin changes colour to match your surroundings (Stealth+).
Your rubbery body absorbs attacks. (AC +1, EV +1)


Message History

The orc wizard closely misses you.
The orc wizard hits you with a cursed +0 dagger.
* * * LOW HITPOINT WARNING * * *
Casting: Ensorcelled Hibernation (safe; 9% risk of failure)
Confirm with . or Enter, or press ? or * to list all spells.
You don't have enough magic to cast that spell.
You hit the orc wizard. Your grab misses the orc wizard.
The orc wizard is lightly wounded.
The orc hits you with a +0 short sword.
* * * LOW HITPOINT WARNING * * *
The orc wizard hits you with a cursed +0 dagger.
* * * LOW HITPOINT WARNING * * *
You hit the orc wizard. Your grab misses the orc wizard.
The orc wizard is moderately wounded.
The orc wizard hits you with a cursed +0 dagger.
* * * LOW HITPOINT WARNING * * *
The orc barely misses you.
The orc priest invokes the aid of Beogh against you.
Beogh smites you!
You die...

#..# #..# #..# #..#
#..# .########..#
...o.oo.o..#
#############o#
##.........o@oo#
#####...############
......#.# #####...#
#####


You could see an orc priest, an orc wizard (fast) and 2 orcs.

Vanquished Creatures
  Edmund (D:4)
  A hound (D:4)
  3 adders
  An ooze (D:1)
  An adder skeleton (D:4)
  2 worms
  2 dart slugs
  5 leopard geckos
  5 orcs (D:3)
  3 ball pythons
  4 giant cockroaches
  11 goblins
  6 hobgoblins
  4 jackals (D:1)
  A quokka (D:2)
  11 bats
  6 frilled lizards
  A jackal skeleton (D:4)
  8 kobolds
  9 rats
85 creatures vanquished.

Notes
Turn   | Place    | Note
-------+----------+-------------------------------------------
     0 | D:1      | Devinter the Octopode Enchanter began the quest for the
                  | Orb.
     0 | D:1      | Reached XP level 1. HP: 11/11 MP: 3/3
    77 | D:1      | HP: 1/11 [jackal (1)]
    78 | D:1      | Reached XP level 2. HP: 1/17 MP: 1/5
   350 | D:1      | Learned a level 2 spell: Ensorcelled Hibernation
  1005 | D:1      | Reached XP level 3. HP: 21/21 MP: 4/6
  1570 | D:2      | Reached XP level 4. HP: 24/27 MP: 0/7
  1909 | D:2      | Reached skill level 1 in Ice Magic
  2245 | D:3      | Reached skill level 2 in Short Blades
  2311 | D:3      | Reached XP level 5. HP: 31/31 MP: 8/8
  2333 | D:3      | Reached skill level 5 in Stealth
  2934 | D:4      | Noticed Edmund
  2944 | D:4      | Killed Edmund
  2944 | D:4      | Reached skill level 3 in Dodging
  2944 | D:4      | Reached XP level 6. HP: 19/36 MP: 1/10
  3032 | D:4      | Killed from afar by an orc priest

Illustrated notes

Levels and vault maps discovered:
D:1:      erik_arrival_cave_to_civilisation [erik_arrival_cave_to_hall],
          layout_basic
D:2:      layout_basic, minmay_pentomino_w4
D:3:      layout_rooms
D:4:      layout_loops_ring, lemuel_doored_altar,
          hangedman_abyss_or_decor_slice, uniq_edmund, uniq_pikel, uniq_ijyb

Skill      XL: |  1  2  3  4  5 |
---------------+----------------+-----
Ice Magic      | 1 |  1.9
Short Blades   | 2 |  2.5
Stealth        | 5 |  5.4
Dodging        | 3 |  3.2
Spellcasting   | |  2.9
Hexes          | |  3.8

Action                   |  1- 3 |  4- 6 || total
-------------------------+-------+-------++-------
Melee: Dagger            |    70 |    77 ||   147
       Constrict         |    11 |    10 ||    21
       Tentacles         |     3 |     9 ||    12
 Cast: Corona            |     5 |       ||     5
       Ensorcelled Hiber |    14 |    36 ||    50
  Use: Scroll            |     1 |       ||     1
 Stab: Sleeping          |    25 |    26 ||    51
Armor: Skin              |     6 |     6 ||    12
Dodge: Dodged            |    44 |    64 ||   108

Table legend: (Time is in decaauts)
 A = Elapsed time spent in this place.
 B = Non-inter-level travel time spent in this place.
 C = Inter-level travel time spent in this place.
 D = Time resting spent in this place.
 E = Time spent auto-exploring this place.
 F = Levels seen in this place.
 G = Mean time per level.
                   A        B        C        D        E       F      G
               +--------+--------+--------+--------+--------+-----+--------+
         Total |   3019 |   2964 |     55 |    976 |    173 |   4 |  754.8 |
       Dungeon |   3019 |   2964 |     55 |    976 |    173 |   4 |  754.8 |
               +--------+--------+--------+--------+--------+-----+--------+

Top non-repeatable levels by time:
     D:1: 1310 daAuts
     D:3: 691 daAuts
     D:2: 656 daAuts
     D:4: 360 daAuts
